 Dungeon Crawl Stone Soup version 0.31-a0-746-ge8284cb111 (webtiles) character file.

Game seed: 15052255521697439630

39 CrazyBamboolord the Magician (level 3, -2/28 HPs)
             Began as a Djinni Earth Elementalist on Sept 14, 2023.
             Slain by Sigmund
             ... wielding a +0 scythe
              (11 damage)
             ... on level 2 of the Dungeon.
             The game lasted 00:03:00 (476 turns).

CrazyBamboolord the Magician (DjEE)                  Turns: 476, Time: 00:03:01

Health: -2/28      AC:  2    Str:  7    XL:     3   Next: 70%
Gold:   11         EV: 12    Int: 18    God:
                   SH:  0    Dex: 13

rFire   + + .        (no weapon)
rCold   x . .        (no shield)
rNeg    . . .        a - +0 robe
rPois   ∞            (no helmet)
rElec   .            (no cloak)
rCorr   .            (no gloves)
SInv    .            (boots unavailable)
Will    .....        (no amulet)
Stlth   +            (no ring)
HPRegen 0.24/turn    (no ring)
MPRegen 0.00/turn

%: infuse magic (-3 HP)
@: confused, brilliant, flying
A: sickness immunity, fire resistance 2, cold vulnerability 1, float, innate
caster, HP casting, extra vitality 1
a: no special abilities


You were on level 2 of the Dungeon.
You visited 1 branch of the dungeon, and saw 2 of its levels.

You collected 11 gold pieces.

Inventory:

Armour
 a - a +0 robe (worn)
Scrolls
 b - a scroll of fog {unknown}
 d - a scroll of immolation {unknown}
 e - a scroll of summoning {unknown}
 g - a scroll of revelation {unknown}
 h - a scroll of noise {unknown}
 i - a scroll of identify {unknown}


   Skills:
 * Level 1.8 Fighting
 + Level 2.6 Dodging
 - Level 1.5 Stealth
 * Level 3.3 Spellcasting
 * Level 3.3 Conjurations
 * Level 3.3 Hexes
   Level 0.0 Charms
 * Level 3.3 Summonings
 * Level 3.3 Necromancy
 * Level 3.3 Translocations
 * Level 3.3 Transmutations
 * Level 3.3 Fire Magic
 * Level 3.3 Ice Magic
 * Level 3.3 Air Magic
 * Level 3.3 Earth Magic
 * Level 3.3 Poison Magic


You knew the following spells:

 Your Spells              Type           Power      Damage    Failure   Level
a - Sandblast             Erth           44%        2d11      4%          1
b - Passwall              Tmut/Erth      18%        N/A       6%          2
c - Stone Arrow           Conj/Erth      44%        3d9       12%         3
d - Petrify               Tmut/Erth      22%        N/A       38%         4
e - Foxfire               Conj/Fire      88%        2x1d8     4%          1
Your spell library was empty.

Dungeon Overview and Level Annotations

Branches:
Dungeon (2/15)

Altars:

Annotations:
D:2 Sigmund


Innate Abilities, Weirdness & Mutations

You are immune to sickness and miasma.
You are immune to poison.
Your flesh is very heat resistant. (rF++)
You are vulnerable to cold. (rC-)
You float through the air rather than walking.
You learn spells naturally, not from books.
Your magical power is your life essence.
You have superior vitality. (+4 MHP)


Message History

The blast of sand misses the adder.
The blast of sand misses the adder.
The adder bites you. The adder closely misses you.
The blast of sand misses the adder.
The adder barely misses you. x2
The blast of sand hits the adder!
The adder is almost dead.
The adder bites you. x2
The blast of sand hits the adder!
You kill the adder!
Sigmund the Dreaded comes into view.
He is wielding a +0 scythe.
A worm comes into view.
A giant cockroach comes into view.
A jackal comes into view.
Aiming: Sandblast (safe; 4% risk of failure)
Press: ? - help, Q - select action, (/) - cycle Shift-Dir - straight line, f - Sigmund
Aim: Sigmund, wielding a +0 scythe and wearing a +0 robe (wandering, hasn't noticed you, 80% to hit)
The blast of sand hits Sigmund.
Sigmund is moderately wounded.
Sigmund shouts!
Sigmund gestures at you while chanting.
You are confused.
You're too confused to cast spells.
It was a potion of brilliance.
You feel clever all of a sudden. Sigmund casts a spell at you.
The puff of flame hits you. You resist.
Non-targeted confused throw: throwing net
Press: ? - help, Q - select action, (/) - cycle Dir - look around, f - activate You throw a throwing net.
An endoplasm comes into view.
The jackal bites you.
The endoplasm quivers.
Sigmund hits you with a +0 scythe!
You hit the giant cockroach but do no damage.
The jackal bites you but does no damage.
The giant cockroach completely misses you.
The jackal misses you. The giant cockroach bites you.
Sigmund says, "Don't worry, I'll kill you fast."
Sigmund hits you from afar with a +0 scythe!
You die...
Sigmund begins carving another notch in his scythe.

##...#...##
#.....#..########......
#......#..............#
##......##............#
###....###...........#
#..#...#.......J...#
#..##)........w....# .
#).....<...........#..
#.....##....@.@.......
#..###.......h..)......
...............B.....#
...###.....†).......#..
#..............#
#.......†...#.....
#)..............##
#...........#...#
##.>(...........#


You could see Sigmund, a worm, an endoplasm, a jackal and a giant cockroach.

Vanquished Creatures
  An adder (D:2)
  5 bats (D:1)
  3 endoplasms (D:1)
  2 goblins
  3 hobgoblins (D:1)
  5 kobolds
  A quokka (D:1)
  2 ball pythons (D:1)
  5 frilled lizards (D:1)
  2 rats
29 creatures vanquished.

Notes
Turn   | Place    | Note
-------+----------+-------------------------------------------
     0 | D:1      | CrazyBamboolord the Djinni Earth Elementalist began the
                  | quest for the Orb.
     0 | D:1      | CrazyBamboolord set off with the following spells
                  | memorised: Sandblast, Passwall, Stone Arrow, Petrify.
     0 | D:1      | Reached XP level 1. HP: 15/15 MP: 0/0
    58 | D:1      | Reached XP level 2. HP: 22/22 MP: 0/0
    71 | D:1      | Reached skill level 1 in Fighting
   243 | D:1      | Reached XP level 3. HP: 25/27 MP: 0/0
   243 | D:1      | Learned a level 1 spell: Foxfire
   467 | D:2      | Noticed Sigmund
   476 | D:2      | Slain by Sigmund

Illustrated notes

Levels and vault maps discovered:
D:1:      dpeg_arrival_pits, layout_rooms
D:2:      layout_rooms, uniq_sigmund

Skill      XL: |  1  2 |
---------------+-------+-----
Spellcasting   | |  3.3
Conjurations   | |  3.3
Hexes          | |  3.3
Summonings     | |  3.3
Necromancy     | |  3.3
Translocations | |  3.3
Transmutations | |  3.3
Fire Magic     | |  3.3
Ice Magic      | |  3.3
Air Magic      | |  3.3
Earth Magic    | |  3.3
Poison Magic   | |  3.3
Fighting       | 1 |  1.8
Dodging        | |  2.6
Stealth        | |  1.5

Action                     || total
---------------------------++-------
  Melee: Unarmed           ||     4
  Throw: Throwing net      ||     1
   Cast: Sandblast         ||    39
    Use: Potion            ||     1
 Armour: Robe              ||    15
  Dodge: Dodged            ||    11

Table legend: (Time is in decaauts)
 A = Elapsed time spent in this place.
 B = Non-inter-level travel time spent in this place.
 C = Inter-level travel time spent in this place.
 D = Time resting spent in this place.
 E = Time spent auto-exploring this place.
 F = Levels seen in this place.
 G = Mean time per level.
                   A        B        C        D        E       F      G
               +--------+--------+--------+--------+--------+-----+--------+
         Total |    495 |    471 |     24 |      0 |    318 |   2 |  247.5 |
       Dungeon |    495 |    471 |     24 |      0 |    318 |   2 |  247.5 |
               +--------+--------+--------+--------+--------+-----+--------+

Top non-repeatable levels by time:
     D:1: 428 daAuts
     D:2: 66 daAuts
